TOP OF THE 1ST |
Savannah Hogs batting - Pitching for Pensacola Pilots : RHP Ramón Flores
|
Pitching: RHP Ramón Flores
|
|
Batting: LHB Denny Poole
|
0-0: Ball 1-0: Ball 2-0: Called Strike 2-1: SINGLE (Flyball, 8LS)
|
Batting: LHB Ivan Costello
|
0-0: Called Strike 0-1: Ball 1-1: Called Strike 1-2: DOUBLE (Line Drive, 9LM) Denny Poole to third Runner from 3rd tries for Home, SAFE, throw made home
|
Batting: RHB Javier Músquez
|
0-0: Ball 1-0: Ball 2-0: Called Strike 2-1: Foul Ball, location: 2F 2-2: Foul Ball, location: 2F 2-2: Fly out, F3 (Popup, 34)
|
Batting: RHB Jackson Gibson
|
0-0: Ball 1-0: Foul Ball, location: 2F 1-1: Foul Ball, location: 2F 1-2: Ball 2-2: Foul Ball, location: 2F 2-2: Ball 3-2: Foul Ball, location: 2F 3-2: Base on Balls
|
Batting: RHB Remi Eruzione
|
0-0: Foul Ball, location: 2F 0-1: Foul Ball, location: 2F 0-2: Strikes out swinging
|
Batting: LHB Pedro Medine
|
0-0: Ball 1-0: Fly out, F9 (Flyball, 89M)
|
Top of the 1st over - 1 run(s), 2 hit(s), 0 error(s), 2 left on base; Savannah 1 - Pensacola 0 |
BOTTOM OF THE 1ST |
Pensacola Pilots batting - Pitching for Savannah Hogs : RHP Thomas Dent
|
Pitching: RHP Thomas Dent
|
|
Batting: RHB Leopoldo Horgan
|
0-0: Ground out 5-3 (Groundball, 5S)
|
Batting: RHB Julian Lee
|
0-0: Called Strike 0-1: Ball 1-1: Fly out, F2 (Popup, 2RF)
|
Batting: RHB José Velázquez
|
0-0: Ball 1-0: Ball 2-0: SINGLE (Flyball, 8LS)
|
Batting: LHB Pedro Ramos
|
0-0: Called Strike 0-1: Ball 1-1: Ball 2-1: Swinging Strike 2-2: Ball 3-2: Base on Balls José Velázquez to second
|
Batting: RHB Jonny Lord
|
0-0: Foul Ball, location: 2F 0-1: Ball 1-1: SINGLE (Line Drive, 34) José Velázquez to third Pedro Ramos to second
|
Batting: LHB Jorge Silva
|
0-0: Ball 1-0: Ball 2-0: Foul Ball, location: 2F 2-1: Called Strike 2-2: Ball 3-2: Base on Balls José Velázquez scores Pedro Ramos to third Jonny Lord to second
|
Batting: RHB Peter Bishop
|
0-0: Ground out 5-3 (Groundball, 5L)
|
Bottom of the 1st over - 1 run(s), 2 hit(s), 0 error(s), 3 left on base; Savannah 1 - Pensacola 1 |
TOP OF THE 2ND |
Savannah Hogs batting - Pitching for Pensacola Pilots : RHP Ramón Flores
|
Batting: RHB Anastasio Movonda
|
0-0: Ball 1-0: Reached on error, E5 (Groundball, 56S)
|
Batting: RHB Miguel Toro
|
0-0: Fly out, F3 (Popup, 3L)
|
Batting: LHB Jim Clemente
|
0-0: Ball Anastasio Movonda is caught stealing 2nd base 1-0: Ball 2-0: Foul Ball, location: 2F 2-1: Ball 3-1: Base on Balls
|
Batting: LHB Denny Poole
|
0-0: Called Strike 0-1: Ball 1-1: Ball 2-1: Ball 3-1: Base on Balls Jim Clemente to second
|
Batting: LHB Ivan Costello
|
0-0: Ball 1-0: Called Strike 1-1: Fly out, F9 (Flyball, 9M)
|
Top of the 2nd over - 0 run(s), 0 hit(s), 1 error(s), 2 left on base; Savannah 1 - Pensacola 1 |
BOTTOM OF THE 2ND |
Pensacola Pilots batting - Pitching for Savannah Hogs : RHP Thomas Dent
|
Batting: RHB José Cordero
|
0-0: Foul Ball, location: 2F 0-1: Foul Ball, location: 2F 0-2: Ball 1-2: Fly out, F8 (Flyball, 8LM)
|
Batting: RHB Salvador Mendoza
|
0-0: Ball 1-0: Ball 2-0: Called Strike 2-1: Ball 3-1: Swinging Strike 3-2: Strikes out swinging
|
Batting: RHB Leopoldo Horgan
|
0-0: Called Strike 0-1: Foul Ball, location: 2F 0-2: Foul Ball, location: 2F 0-2: Ball 1-2: Foul Ball, location: 2F 1-2: Strikes out swinging
|
Bottom of the 2nd over - 0 run(s), 0 hit(s), 0 error(s), 0 left on base; Savannah 1 - Pensacola 1 |
TOP OF THE 3RD |
Savannah Hogs batting - Pitching for Pensacola Pilots : RHP Ramón Flores
|
Batting: RHB Javier Músquez
|
0-0: Ball 1-0: Called Strike 1-1: Swinging Strike 1-2: Foul Ball, location: 2F 1-2: Ball 2-2: Reached on error, E6 (Groundball, 6)
|
Batting: RHB Jackson Gibson
|
0-0: Foul Ball, location: 2F 0-1: Ball Javier Músquez steals 3rd base 1-1: Ball 2-1: Swinging Strike 2-2: Ball 3-2: Base on Balls
|
Batting: RHB Remi Eruzione
|
0-0: Fly out, F8 (Flyball, 8RM) Runner from 3rd tags up, SCORES, no throw
|
Batting: LHB Pedro Medine
|
0-0: Ball 1-0: Ball 2-0: Called Strike 2-1: Foul Ball, location: 2F 2-2: Foul Ball, location: 2F 2-2: Grounds into double play, U4-3 (Groundball, 4M)
|
Top of the 3rd over - 1 run(s), 0 hit(s), 1 error(s), 0 left on base; Savannah 2 - Pensacola 1 |
BOTTOM OF THE 3RD |
Pensacola Pilots batting - Pitching for Savannah Hogs : RHP Thomas Dent
|
Batting: RHB Julian Lee
|
0-0: Ball 1-0: Ground out 5-3 (Groundball, 56S)
|
Batting: RHB José Velázquez
|
0-0: Called Strike 0-1: Foul Ball, location: 2F 0-2: Ball 1-2: Strikes out swinging
|
Batting: LHB Pedro Ramos
|
0-0: Ball 1-0: Ball 2-0: Called Strike 2-1: Ball 3-1: Base on Balls
|
Batting: RHB Jonny Lord
|
0-0: Fly out, F8 (Line Drive, 78M)
|
Bottom of the 3rd over - 0 run(s), 0 hit(s), 0 error(s), 1 left on base; Savannah 2 - Pensacola 1 |
TOP OF THE 4TH |
Savannah Hogs batting - Pitching for Pensacola Pilots : RHP Ramón Flores
|
Batting: RHB Anastasio Movonda
|
0-0: Bunted foul 0-1: Swinging Strike 0-2: Ball 1-2: Ball 2-2: SINGLE (Groundball, 34D)
|
Batting: RHB Miguel Toro
|
0-0: Called Strike 0-1: Ball 1-1: Ball Anastasio Movonda is caught stealing 2nd base 2-1: Swinging Strike 2-2: Ball 3-2: Base on Balls
|
Batting: LHB Jim Clemente
|
0-0: Ball 1-0: Ball 2-0: Ball 3-0: Base on Balls Miguel Toro to second
|
Batting: LHB Denny Poole
|
0-0: Ball 1-0: Grounds into double play, 4-6-3 (Groundball, 4)
|
Top of the 4th over - 0 run(s), 1 hit(s), 0 error(s), 1 left on base; Savannah 2 - Pensacola 1 |
BOTTOM OF THE 4TH |
Pensacola Pilots batting - Pitching for Savannah Hogs : RHP Thomas Dent
|
Batting: LHB Jorge Silva
|
0-0: Ball 1-0: Called Strike 1-1: SOLO HOME RUN (Flyball, 9LD), Distance : 349 ft
|
Batting: RHB Peter Bishop
|
0-0: Called Strike 0-1: Foul Ball, location: 2F 0-2: Ball 1-2: Ball 2-2: SINGLE (Line Drive, 56D)
|
Batting: RHB José Cordero
|
0-0: Called Strike 0-1: Ball 1-1: Ball 2-1: Swinging Strike 2-2: Strikes out looking
|
Batting: RHB Salvador Mendoza
|
0-0: Called Strike 0-1: Ball 1-1: Ball 2-1: Grounds into double play, 4-6-3 (Groundball, 4)
|
Bottom of the 4th over - 1 run(s), 2 hit(s), 0 error(s), 0 left on base; Savannah 2 - Pensacola 2 |
TOP OF THE 5TH |
Savannah Hogs batting - Pitching for Pensacola Pilots : RHP Ramón Flores
|
Batting: LHB Ivan Costello
|
0-0: SINGLE (Groundball, 13S) (infield hit)
|
Batting: RHB Javier Músquez
|
0-0: Fielders Choice at 2nd, 4-6 (Groundball, 4)
|
Batting: RHB Jackson Gibson
|
0-0: Foul Ball, location: 2F 0-1: Ball 1-1: Fielders Choice at 2nd, 6-4 (Groundball, 6)
|
Pitching: RHP Pedro Bueno
|
|
Batting: RHB Remi Eruzione
|
0-0: Ball 1-0: Called Strike 1-1: Ball Single, Error in OF, E8, batter to second base Jackson Gibson to third
|
Batting: LHB Pedro Medine
|
0-0: Fly out, F9 (Flyball, 9M)
|
Top of the 5th over - 0 run(s), 2 hit(s), 1 error(s), 2 left on base; Savannah 2 - Pensacola 2 |
BOTTOM OF THE 5TH |
Pensacola Pilots batting - Pitching for Savannah Hogs : RHP Thomas Dent
|
Batting: RHB Leopoldo Horgan
|
0-0: Ball 1-0: Ball 2-0: Ball 3-0: Base on Balls
|
Batting: RHB Julian Lee
|
0-0: Called Strike Throwing error on steal attempt, E2 Leopoldo Horgan to third 0-1: SINGLE (Groundball, 6MD) Leopoldo Horgan scores
|
Batting: RHB José Velázquez
|
0-0: Foul Ball, location: 2F 0-1: Foul Ball, location: 2F 0-2: Ball 1-2: Ball 2-2: Ball 3-2: Foul Ball, location: 2F 3-2: Base on Balls Julian Lee to second
|
Batting: LHB Pedro Ramos
|
0-0: Ball 1-0: Foul Ball, location: 2F 1-1: Called Strike Julian Lee steals 3rd base José Velázquez to second 1-2: Ball 2-2: Ball 3-2: Base on Balls
|
Pitching: RHP Danny Lee
|
|
Batting: RHB Jonny Lord
|
0-0: Ball 1-0: Ball Wild Pitch! Julian Lee scores José Velázquez to third Pedro Ramos to second 2-0: Called Strike 2-1: Swinging Strike 2-2: Foul Ball, location: 2F 2-2: Ball 3-2: Fly out, F9 (Flyball, 9LS)
|
Batting: LHB Jorge Silva
|
0-0: Ball 1-0: Ball 2-0: Called Strike 2-1: Swinging Strike 2-2: Ball 3-2: 3-RUN HOME RUN (Flyball, 9D), Distance : 397 ft
|
Batting: RHB Peter Bishop
|
0-0: SINGLE (Groundball, 56)
|
Batting: RHB José Cordero
|
0-0: Ball 1-0: Called Strike 1-1: DOUBLE (Groundball, 5L) Peter Bishop to third
|
Batting: RHB Salvador Mendoza
|
0-0: SINGLE (Line Drive, 9LS) Peter Bishop scores José Cordero to third
|
Batting: RHB Leopoldo Horgan
|
0-0: Called Strike 0-1: Foul Ball, location: 2F 0-2: Ball 1-2: Ground out 5-3 (Groundball, 56S) José Cordero scores Salvador Mendoza to second
|
Batting: RHB Julian Lee
|
0-0: Called Strike 0-1: Called Strike 0-2: Strikes out swinging
|
Bottom of the 5th over - 7 run(s), 5 hit(s), 1 error(s), 1 left on base; Savannah 2 - Pensacola 9 |
TOP OF THE 6TH |
Savannah Hogs batting - Pitching for Pensacola Pilots : RHP Pedro Bueno
|
Batting: RHB Anastasio Movonda
|
0-0: Swinging Strike 0-1: Ball 1-1: Fly out, F4 (Popup, 4M)
|
Batting: RHB Miguel Toro
|
0-0: Ball 1-0: Swinging Strike 1-1: Ball 2-1: Foul Ball, location: 2F 2-2: Ball 3-2: Base on Balls
|
Batting: LHB Jim Clemente
|
0-0: Ball 1-0: Swinging Strike 1-1: Grounds into double play, 4-6-3 (Groundball, 34)
|
Top of the 6th over - 0 run(s), 0 hit(s), 0 error(s), 0 left on base; Savannah 2 - Pensacola 9 |
BOTTOM OF THE 6TH |
Pensacola Pilots batting - Pitching for Savannah Hogs : RHP Danny Lee
|
Pitching: LHP Juan Cruz
|
|
Batting: RHB José Velázquez
|
0-0: Called Strike 0-1: Called Strike 0-2: Foul Ball, location: 2F 0-2: Ball 1-2: Ball 2-2: Foul Ball, location: 2F 2-2: Foul Ball, location: 2F 2-2: Ball 3-2: Strikes out swinging
|
Batting: LHB Pedro Ramos
|
0-0: Ball 1-0: Foul Ball, location: 2F 1-1: Fly out, F7 (Flyball, 78M)
|
Batting: RHB Jonny Lord
|
0-0: Called Strike 0-1: Ball 1-1: Foul Ball, location: 2F 1-2: Foul Ball, location: 2F 1-2: Ball 2-2: Ball 3-2: DOUBLE (Flyball, 8LXD)
|
Batting: LHB Jorge Silva
|
0-0: Foul Ball, location: 2F 0-1: Ball 1-1: Ball 2-1: Foul Ball, location: 2F 2-2: Foul Ball, location: 2F 2-2: Ball 3-2: Foul Ball, location: 2F 3-2: Foul Ball, location: 2F 3-2: Foul Ball, location: 2F 3-2: Base on Balls
|
Batting: RHB Peter Bishop
|
0-0: Called Strike 0-1: Ball 1-1: Swinging Strike 1-2: Strikes out swinging
|
Bottom of the 6th over - 0 run(s), 1 hit(s), 0 error(s), 2 left on base; Savannah 2 - Pensacola 9 |
TOP OF THE 7TH |
Savannah Hogs batting - Pitching for Pensacola Pilots : RHP Pedro Bueno
|
Batting: LHB Denny Poole
|
0-0: Ball 1-0: Called Strike 1-1: SINGLE (Line Drive, 34)
|
Batting: LHB Ivan Costello
|
0-0: Ball 1-0: Ball 2-0: Ball 3-0: Base on Balls Denny Poole to second
|
Batting: RHB Javier Músquez
|
0-0: Fly out, F2 (Popup, 2RF)
|
Batting: RHB Jackson Gibson
|
0-0: Ball 1-0: SINGLE (Line Drive, 9S) Denny Poole to third Ivan Costello to second
|
Batting: RHB Remi Eruzione
|
0-0: Foul Ball, location: 2F 0-1: SINGLE (Line Drive, 6MD) Denny Poole scores Ivan Costello to third Jackson Gibson to second
|
Batting: LHB Pedro Medine
|
0-0: Ball 1-0: Ball 2-0: Foul Ball, location: 2F 2-1: Ball 3-1: Base on Balls Ivan Costello scores Jackson Gibson to third Remi Eruzione to second
|
Batting: RHB Anastasio Movonda
|
0-0: Ball 1-0: Ball 2-0: Called Strike 2-1: SINGLE (Groundball, 56) (infield hit) Jackson Gibson scores Remi Eruzione to third Pedro Medine to second
|
Batting: RHB Miguel Toro
|
0-0: Ball 1-0: Ball 2-0: Ball 3-0: Called Strike 3-1: Foul Ball, location: 2F 3-2: Grounds into fielders choice 1-2 (Groundball, 13S) Pedro Medine to third Anastasio Movonda to second
|
Batting: LHB Jim Clemente
|
0-0: Foul Ball, location: 2F 0-1: Foul Ball, location: 2F 0-2: SINGLE (Groundball, 6MD) Pedro Medine scores Anastasio Movonda to third Miguel Toro to second Runner from 3rd tries for Home, SAFE, no throw or cutoff
|
Pinch Hitting: LHB Manny Hernández
|
0-0: Ball 1-0: Called Strike 1-1: SINGLE (Line Drive, 8RS) Miguel Toro to third Jim Clemente to second Runner from 3rd tries for Home, SAFE, no throw or cutoff
|
Batting: LHB Ivan Costello
|
0-0: Fielders Choice at 2nd, U6 (Groundball, 6M)
|
Top of the 7th over - 6 run(s), 6 hit(s), 0 error(s), 2 left on base; Savannah 8 - Pensacola 9 |
BOTTOM OF THE 7TH |
Pensacola Pilots batting - Pitching for Savannah Hogs : LHP Juan Cruz
|
Pitching: RHP Ramón Martínez
|
|
Now at 1B: Manny Hernández
|
|
Batting: RHB José Cordero
|
0-0: Called Strike 0-1: Called Strike 0-2: Strikes out swinging
|
Batting: RHB Salvador Mendoza
|
0-0: Ball 1-0: Called Strike 1-1: Swinging Strike 1-2: Foul Ball, location: 2F 1-2: Strikes out looking
|
Batting: RHB Leopoldo Horgan
|
0-0: Ball 1-0: Called Strike 1-1: Called Strike 1-2: Ball 2-2: Ball 3-2: Base on Balls
|
Pinch Hitting: RHB Gustavo Rodríguez
|
Pickoff Throw to First - Error! E1 Leopoldo Horgan to second 0-0: Called Strike 0-1: Ball 1-1: Ball 2-1: Ground out 4-3 (Groundball, 4)
|
Bottom of the 7th over - 0 run(s), 0 hit(s), 1 error(s), 1 left on base; Savannah 8 - Pensacola 9 |
TOP OF THE 8TH |
Savannah Hogs batting - Pitching for Pensacola Pilots : RHP Pedro Bueno
|
Now in CF: Jeff Bergeron
|
|
Batting: RHB Javier Músquez
|
0-0: Called Strike 0-1: Fly out, F9 (Line Drive, 89M)
|
Batting: RHB Jackson Gibson
|
0-0: Ball 1-0: Foul Ball, location: 2F 1-1: Ball 2-1: Swinging Strike 2-2: Ball 3-2: Base on Balls
|
Pinch Hitting: LHB Juan Delgado
|
0-0: Ball 1-0: Swinging Strike 1-1: Ball 2-1: Ball 3-1: Foul Ball, location: 2F 3-2: Base on Balls Jackson Gibson to second
|
Pitching: RHP Markus Cummins
|
|
Batting: LHB Pedro Medine
|
0-0: Called Strike 0-1: Called Strike 0-2: Ball 1-2: Foul Ball, location: 2F 1-2: Strikes out swinging
|
Batting: RHB Anastasio Movonda
|
0-0: Ball 1-0: Called Strike 1-1: Ball 2-1: Called Strike 2-2: Foul Ball, location: 2F 2-2: Ball 3-2: Foul Ball, location: 2F 3-2: Base on Balls Jackson Gibson to third Juan Delgado to second
|
Batting: RHB Miguel Toro
|
0-0: Ball 1-0: Ground out 5-3 (Groundball, 56S)
|
Top of the 8th over - 0 run(s), 0 hit(s), 0 error(s), 3 left on base; Savannah 8 - Pensacola 9 |
BOTTOM OF THE 8TH |
Pensacola Pilots batting - Pitching for Savannah Hogs : RHP Ramón Martínez
|
Pitching: RHP Ubaldo Tavaia
|
|
Now in LF: Juan Delgado
|
|
Batting: RHB José Velázquez
|
0-0: Foul Ball, location: 2F 0-1: Ball 1-1: Fly out, F9 (Flyball, 9D)
|
Batting: LHB Pedro Ramos
|
0-0: Ball 1-0: Ground out 4-3 (Groundball, 4)
|
Pitching: RHP José Gonzáles
|
|
Batting: RHB Jonny Lord
|
0-0: Ball 1-0: Called Strike 1-1: Ball 2-1: Ground out 5-3 (Groundball, 5S)
|
Bottom of the 8th over - 0 run(s), 0 hit(s), 0 error(s), 0 left on base; Savannah 8 - Pensacola 9 |
TOP OF THE 9TH |
Savannah Hogs batting - Pitching for Pensacola Pilots : RHP Markus Cummins
|
Now at SS: Armando Domínguez
|
|
Batting: LHB Jim Clemente
|
0-0: Ball 1-0: Called Strike 1-1: Fly out, F5 (Popup, 5S)
|
Batting: LHB Manny Hernández
|
0-0: Ball 1-0: SINGLE (Groundball, 34D)
|
Pinch Runner at 1st Guillermo González:
|
|
Batting: LHB Ivan Costello
|
0-0: Ball Wild Pitch! Guillermo González to second 1-0: Foul Ball, location: 2F 1-1: Ball 2-1: Ball 3-1: Foul Ball, location: 2F 3-2: Base on Balls
|
Batting: RHB Javier Músquez
|
0-0: Swinging Strike 0-1: Ball Passed Ball! Guillermo González to third Ivan Costello to second 1-1: Foul Ball, location: 2F 1-2: Ball 2-2: Foul Ball, location: 2F 2-2: Ball Wild Pitch! Guillermo González scores Ivan Costello to third 3-2: Foul Ball, location: 2F 3-2: Base on Balls
|
Pitching: LHP Júlio Guzmán
|
|
Batting: RHB Jackson Gibson
|
0-0: Foul Ball, location: 2F 0-1: Ball Wild Pitch! Ivan Costello scores Javier Músquez to second 1-1: Intentional Walk
|
Pinch Hitting: RHB Júlio Peña
|
0-0: Ball 1-0: Called Strike 1-1: Ball 2-1: Ball 3-1: Foul Ball, location: 2F 3-2: Strikes out swinging
|
Batting: LHB Pedro Medine
|
0-0: Called Strike Balk! Javier Músquez to third Jackson Gibson to second 0-1: Ball 1-1: Ball 2-1: Ball 3-1: Base on Balls
|
Batting: RHB Anastasio Movonda
|
0-0: Called Strike 0-1: Foul Ball, location: 2F 0-2: Ball 1-2: Fly out, F8 (Flyball, 8LM)
|
Top of the 9th over - 2 run(s), 1 hit(s), 0 error(s), 3 left on base; Savannah 10 - Pensacola 9 |
|